 Dungeon Crawl Stone Soup version 0.30-a0-187-gd9c2deaf24 (webtiles) character file.

Game seed: 12126799420389384988

1 NinjaNoafa the Covered (level 1, 19/19 HPs)
             Began as an Armataur Fighter on Oct 3, 2022.
             Quit the game on level 1 of the Dungeon.
             The game lasted 00:01:24 (39 turns).

NinjaNoafa the Covered (Armataur Fighter)             Turns: 39, Time: 00:01:25

Health: 19/19      AC:  6    Str: 21    XL:     1   Next: 16%
Magic:  1/1        EV:  7    Int:  8    God:
Gold:   4          SH:  4    Dex:  9    Spells: 0/0 levels left

rFire   . . .      SeeInvis .    a - +0 flail
rCold   . . .      Faith    .    c - +0 buckler
rNeg    . . .      Spirit   .    b - +0 scale mail
rPois   .          Reflect  .    (no helmet)
rElec   .          Harm     .    (no cloak)
rCorr   .          Roll     +    (no gloves)
Will    .....                    (no barding)
Stlth   ..........               (no amulet)
HPRegen 0.23/turn                (no ring)
MPRegen 0.07/turn                (no ring)

@: no status effects
A: large, rugged brown scales 3, deformed body, armoured tail, roll, long
tongue, awkward tongue
a: no special abilities


You were on level 1 of the Dungeon.
You visited 1 branch of the dungeon, and saw 1 of its levels.

You collected 4 gold pieces.

Inventory:

Hand Weapons
 a - a +0 flail (weapon)
Missiles
 e - 6 stones (quivered)
Armour
 b - a +0 scale mail (worn)
 c - a +0 buckler (worn)
Potions
 d - a potion of might


   Skills:
 + Level 2.7 Fighting
 + Level 1.8 Maces & Flails
 + Level 3.6 Armour
 + Level 3.3 Shields


You couldn't memorise any spells.
You didn't know any spells.
Your spell library was empty.

Dungeon Overview and Level Annotations

Branches:
Dungeon (1/15)

Altars:


Innate Abilities, Weirdness & Mutations

You are completely covered in rugged brown scales. (AC +3, +7% HP)
Armour fits poorly on your strangely shaped body.
You have a long armoured tail.
You roll when moving toward enemies. (Rampage)
Your long tongue fully drains potion bottles. (2x potion effects)
Your tongue gives you trouble enunciating. (1.5x scroll delay)


Message History

Welcome, NinjaNoafa the Armataur Fighter.
Everyone else who sought the Orb of Zot has failed.
Will you be different?
Press ? for a list of commands and other information.
Found 4 gold pieces and 2 smoky red potions.
Found two stairs.
Found 6 stones.
Unknown command.
There's something in the way.
e - 6 stones You now have 4 gold pieces.
A bat comes into view.
Unknown command.
You roll towards the bat!
The bat hits you but does no damage.
You roll towards the bat!
You miss the bat. The bat hits you but does no damage. x2
An endoplasm comes into view.
The endoplasm quivers.
You closely miss the bat.
Your tail-slap misses the bat.
The bat hits you but does no damage.
You miss the bat.
Your tail-slap misses the bat.
The bat barely misses you.
You barely miss the bat. The bat hits you but does no damage.
You roll towards the endoplasm!
You sock the endoplasm!
You kill the endoplasm!
The bat barely misses you. The bat hits you but does no damage. x2
You roll towards the bat!
You miss the bat. The bat hits you but does no damage.
You roll towards the bat!
You closely miss the bat. The bat hits you but does no damage.
The bat hits you. The bat barely misses you. The bat closely misses you.
Are you sure you want to abandon this character and quit the game? (Confirm with "yes".)

# #.. .# ..###..
####.# .......
.....# .......
.....##
.......#..#....
.....#.........
..................#
....!....###+###..#
.......@.##.. #..#
..#.##...#.### #..#
#.#.##b..#.# #.#..#
#........+.##+.#..#
....##...##...##..##
... ##..#######...#
.# #.<..........#
#............#
##..#...##.#.#


You could see a bat.

Vanquished Creatures
  An endoplasm (D:1)
1 creature vanquished.

Notes
Turn   | Place    | Note
-------+----------+-------------------------------------------
     0 | D:1      | NinjaNoafa the Armataur Fighter began the quest for the
                  | Orb.
     0 | D:1      | Reached XP level 1. HP: 19/19 MP: 1/1
    39 | D:1      | Quit the game

Illustrated notes

Levels and vault maps discovered:
D:1:      minmay_arrival_stone_box, layout_loops_ring,
          nicolae_ecumenical_snake_handling

Action                   || total
-------------------------++-------
Melee: Flail             ||     7
Armor: Scale mail        ||     9
Dodge: Dodged            ||     4

Table legend: (Time is in decaauts)
 A = Elapsed time spent in this place.
 B = Non-inter-level travel time spent in this place.
 C = Inter-level travel time spent in this place.
 D = Time resting spent in this place.
 E = Time spent auto-exploring this place.
 F = Levels seen in this place.
 G = Mean time per level.
                   A        B        C        D        E       F      G
               +--------+--------+--------+--------+--------+-----+--------+
         Total |     41 |     41 |      0 |      0 |     16 |   1 |   41.0 |
       Dungeon |     41 |     41 |      0 |      0 |     16 |   1 |   41.0 |
               +--------+--------+--------+--------+--------+-----+--------+

Top non-repeatable levels by time:
     D:1: 41 daAuts
